 Dungeon Crawl Stone Soup version 0.27.1-1-g398f81649c (webtiles) character file.

Game seed: 4545904494120679429

8 LeaveMeAlone the Conjurer (level 2, -1/19 HPs)
             Began as a Human Conjurer on Sept 11, 2021.
             Frozen to death by an endoplasm (3 damage)
             ... on level 1 of the Dungeon.
             The game lasted 00:05:20 (209 turns).

LeaveMeAlone the Conjurer (Human Conjurer)           Turns: 209, Time: 00:05:20

Health: -1/19      AC:  2    Str:  7    XL:     2   Next: 15%
Magic:  2/5        EV: 12    Int: 18    God:
Gold:   0          SH:  0    Dex: 11    Spells: 4/5 levels left

rFire    . . .     SeeInvis .   f - +0 short sword
rCold    . . .     Faith    .   (no shield)
rNeg     . . .     Spirit   .   a - +0 robe
rPois    .         Reflect  .   (no helmet)
rElec    .         Harm     .   (no cloak)
rCorr    .         Rampage  .   (no gloves)
Will     .....                  (no boots)
Stlth    ++........             (no amulet)
HPRegen  0.06/turn              (no ring)
MPRegen  0.09/turn              (no ring)

@: no status effects
A: no striking features
a: no special abilities


You were on level 1 of the Dungeon.
You visited 1 branch of the dungeon, and saw 1 of its levels.

Inventory:

Hand Weapons
 e - a +0 dagger
 f - a +0 short sword (weapon)
 g - a +0 club
 h - a +0 dagger
Armour
 a - a +0 robe (worn)
 d - a +0 ring mail
Jewellery
 c - an amulet of guardian spirit
Scrolls
 i - a scroll of identify {unknown}
Potions
 b - a potion of degeneration {unknown}


   Skills:
 + Level 2.1 Dodging
 + Level 2.0 Stealth
 + Level 2.0 Spellcasting
 + Level 4.3 Conjurations


You had 4 spell levels left.
You knew the following spells:

 Your Spells              Type           Power      Damage    Failure   Level
a - Magic Dart            Conj           68%        1d6       3%          1

Your spell library contained the following spells:

 Spells                   Type           Power      Damage    Failure   Level
 Searing Ray              Conj           34%        3d4       4%          2
 Dazzling Flash           Conj/Hex       18%        N/A       22%         3
 Fulminant Prism          Conj/Hex       4%         3d6       58%         4
 Iskenderun's Mystic Bla  Conj/Tloc      9%         2d4       58%         4


Dungeon Overview and Level Annotations

Branches:
Dungeon (1/15)

Altars:


Message History

Press: ? - help, Q - select action Shift-Dir - straight line, f/p - kobold
Aim: a kobold, wielding a +0 dagger (severely wounded, 100% to hit)
The magic dart hits the kobold.
You kill the kobold!
You see here a ball python corpse.
You see here a +0 dagger.
i - a scroll labelled KANGAUPRI
There are no items here.
An endoplasm comes into view.
Found a book of Party Tricks.
A goblin comes into view. It is wielding a +0 dagger.
The goblin shouts!
The endoplasm quivers.
The endoplasm freezes you.
You are frozen.
You see here a book of Party Tricks.
You hit the endoplasm but do no damage. The endoplasm barely misses you.
You barely miss the endoplasm. The endoplasm freezes you.
You are frozen.
You barely miss the endoplasm. The endoplasm closely misses you.
An endoplasm comes into view.
You hit the endoplasm.
The endoplasm is lightly wounded.
The endoplasm freezes you.
You are frozen.
* * * LOW HITPOINT WARNING * * *
You hit the endoplasm.
The endoplasm is moderately wounded.
The endoplasm freezes you.
You are frozen.
* * * LOW HITPOINT WARNING * * *
You hit the endoplasm but do no damage.
The endoplasm is moderately wounded.
The endoplasm barely misses you.
You hit the endoplasm but do no damage.
The endoplasm is moderately wounded.
The endoplasm freezes you.
You are frozen.
You die...

#.##.####.##.##.# #.##.#
#.##.##.# ##### #.##.# #.......#
...# #.##.# ####.#### ####.### ##
#.##.# #.# # #....†.. .###.##.#
#.# #. #...#### ........# #.#
#.###...#### .###.####
#.######..........# ####.#
#.@JgJ............# # #..#
#########.........# #.##
#.##...#### #.# #.##...# # ###.#
########.##...####
....############.†...##.###......
.................###.##.###......
###.############## #.........####
#.# ####.######


You could see 2 endoplasms and a goblin.

Vanquished Creatures
  A ball python (D:1)
  An endoplasm (D:1)
  A goblin (D:1)
  3 kobolds (D:1)
  A bat (D:1)
  A rat (D:1)
8 creatures vanquished.

Notes
Turn   | Place    | Note
-------+----------+-------------------------------------------
     0 | D:1      | LeaveMeAlone the Human Conjurer began the quest for the
                  | Orb.
     0 | D:1      | Reached XP level 1. HP: 13/13 MP: 3/3
   183 | D:1      | Reached XP level 2. HP: 12/19 MP: 3/5
   209 | D:1      | Frozen to death by an endoplasm

Illustrated notes

Levels and vault maps discovered:
D:1:      dpeg_arrival_lava_altar, layout_loops_ring, kennysheep_pointless_box

Action                   || total
-------------------------++-------
Melee: Short sword       ||    14
       Unarmed           ||     3
 Cast: Magic Dart        ||    12
  Use: Potion            ||     1
Armor: Robe              ||     2
Dodge: Dodged            ||    16
